[Event "37th ECCC 2022"]
[Site "Mayrhofen"]
[Date "2022.10.04"]
[Round "2.23"]
[White "Johannesson, Ingvar Thor"]
[Black "Markus, Robert"]
[Result "0-1"]
[ECO "E95"]
[WhiteElo "2319"]
[BlackElo "2615"]
[Annotator "TA"]
[PlyCount "76"]
[EventDate "2022.10.03"]
[EventType "team-tourn"]
[EventCountry "AUT"]
[SourceTitle "playchess.com"]
[Source "ChessBase"]
[SourceQuality "1"]
[TimeControl "40/5400+30:1800+30"]

1. d4 Nf6 2. Nf3 d6 3. c4 Nbd7 4. Nc3 e5 5. e4 g6 6. Be2 Bg7 7. O-O O-O 8. Re1 exd4 9. Nxd4 Re8 10. Bf1 c6 {[%emt 0:00:06] is now debated instead of 10...Nc5.} 11. Bf4 Nc5 12. Qc2 Nfd7 {[%emt 0:04:10] E95: King's Indian: Classical: 7...Nbd7 8 Re1.} 13. Be3 a5 14. b3 Ne5 {[%emt 0:07:32] [#] White is slightly better.} 15. h3 $146 {[%emt 0:04:02] Inhibits Ng4.} ({Predecessor:} 15. f3 b6 16. Rad1 Bb7 17. Qf2 Qe7 18. Qg3 Ned7 19. Bg5 Qf8 20. Qf2 Ne5 21. Rd2 {½-½ (28) Dugushov,S-Ribaudo,J (2084) ICCF email 2010}) 15... Qe7 16. Rad1 f6 17. f4 Nf7 18. Bf2 Qf8 19. g3 Nh6 20. Qd2 f5 {[%emt 0:14:43] [#]} 21. exf5 $1 Bxf5 22. Nxf5 Nxf5 23. Bg2 Ne6 24. Ne2 h5 25. g4 hxg4 26. hxg4 Nh6 27. Qxd6 ({White should try} 27. Bf3 $16) 27... Qf7 {[%emt 0:08:55] aiming for ...Red8.} 28. f5 (28. Bb6 $11) 28... Nxg4 $15 29. Bh4 $2 (29. Nf4 $15 Nxf4 30. Qxf4 Nxf2 31. Kxf2) 29... gxf5 $19 30. Nf4 (30. Rf1 $142) 30... Nf8 $2 (30... Bf8 $19 31. Rxe6 Bxd6 32. Rexd6 Ne5) 31. Nd5 Ng6 {[%emt 0:00:25] Chess con chili.} (31... cxd5 $2 32. Bxd5 Ne6 33. Bxe6 Rxe6 34. Qxe6 $18) 32. Ne7+ Nxe7 33. Bxe7 {[%emt 0:00:04][%mdl 8192] [#] This bishop pair is nice.} (33. Rxe7 $17 Rxe7 34. Qxe7) 33... Be5 $1 34. Rxe5 Nxe5 35. Bh4 (35. Qxe5 $142 Rxe7 36. Qg3+ Qg7 37. Qxg7+ Kxg7 38. Kf2) 35... Re6 36. Qc5 Qh5 37. Rd4 Nf3+ 38. Bxf3 Qxf3 {[%emt 0:00:05] Weighted Error Value: White=1.14/Black=0.28 (precise)} 0-1

[Event "37th ECCC 2022"]
[Site "Mayrhofen"]
[Date "2022.10.04"]
[Round "2.24"]
[White "Sebenik, Matej"]
[Black "Mai, Alexander Oliver"]
[Result "1-0"]
[ECO "A06"]
[WhiteElo "2518"]
[BlackElo "2183"]
[Annotator "TA"]
[PlyCount "47"]
[EventDate "2022.10.03"]
[EventType "team-tourn"]
[EventCountry "AUT"]
[SourceTitle "playchess.com"]
[Source "ChessBase"]
[SourceQuality "1"]
[TimeControl "40/5400+30:1800+30"]

1. Nf3 d5 2. g3 c6 3. Bg2 Bg4 4. h3 Bh5 5. O-O Nd7 6. d4 {[%emt 0:00:22][%cal Oc2c4] Inhibits e5. A07: Réti Opening: New York and Capablanca Systems.} e6 7. c4 Ngf6 8. cxd5 {[%emt 0:00:32] The position is equal.} exd5 9. Ne5 $1 {[%emt 0:00:25][%mdl 4] is currently scoring better than 9.Qb3.} Bg6 10. Nc3 Nxe5 11. dxe5 Ne4 12. Nxe4 dxe4 {[%emt 0:10:55] [#]} 13. Qa4 $146 ({Predecessor:} 13. Qb3 Qb6 14. Be3 Bc5 15. Bxc5 Qxc5 16. Qxb7 O-O 17. b4 Qxe5 18. Qxc6 Qb2 19. a3 {1-0 (96) Mahajan,R (2051)-Shivakumar,S (2140) Los Angeles 2022}) 13... Qd7 14. Kh2 c5 15. Qc4 Qd4 (15... b5 $14 16. Qc2 Qd5) 16. Qb5+ Qd7 17. a4 {[%emt 0:00:20] Threatens to win with f4.} O-O-O 18. Bf4 {[%emt 0:12:39] White is more active.} Be7 19. Rfc1 ({Better is} 19. b4) 19... Qd5 (19... b6 $16 {keeps fighting.}) 20. b4 $18 b6 $2 (20... Qc6 21. bxc5 Rd5) 21. bxc5 {[%emt 0:02:44] White is clearly winning.} Bxc5 {[%emt 0:00:38] [#]} 22. Rxc5+ $1 bxc5 23. e6 fxe6 24. Rc1 {[%emt 0:00:10] Weighted Error Value: White=0.43/Black=0.30} 1-0

[Event "37th ECCC 2022"]
[Site "Mayrhofen"]
[Date "2022.10.04"]
[Round "2.25"]
[White "Maghsoodloo, Parham"]
[Black "Mihok, Oliver"]
[Result "1-0"]
[ECO "E81"]
[WhiteElo "2721"]
[BlackElo "2545"]
[Annotator "TA"]
[PlyCount "81"]
[EventDate "2022.10.03"]
[EventType "team-tourn"]
[EventCountry "AUT"]
[SourceTitle "playchess.com"]
[Source "ChessBase"]
[SourceQuality "1"]
[TimeControl "40/5400+30:1800+30"]

1. d4 Nf6 2. c4 g6 3. Nc3 Bg7 4. e4 d6 5. f3 O-O 6. Be3 a6 7. Nge2 b5 {[%emt 0:01:34] E81: King's Indian: Sämisch: 6th move deviations (including 6 Be3 c6).} 8. cxb5 axb5 9. Nxb5 c6 {[%emt 0:01:10] White is slightly better.} 10. Nbc3 Nbd7 11. Nc1 e5 $1 12. Be2 d5 13. exd5 Nxd5 14. Nxd5 cxd5 15. Nb3 Re8 16. O-O {[%emt 0:01:16] [#]} Qb6 $146 ({Predecessor:} 16... Nb6 17. dxe5 Bxe5 18. Bd4 Qd6 19. Bxe5 Qxe5 20. Bb5 Bd7 21. Bxd7 Nxd7 22. Qd4 Qd6 23. Rfd1 {½-½ (23) Vidarte Morales,A (2307)-Romero Pallares,D (2278) Zaragoza 2022}) 17. Re1 Ra4 18. Bf2 exd4 19. Bf1 Rxe1 20. Qxe1 {[%emt 0:01:29] And now Qe8+ would win.} Nf8 $1 21. Qc1 Bf5 22. Nc5 Ra8 23. g4 Bc8 24. a4 Nd7 25. Nd3 Ba6 26. a5 $36 {[%emt 0:00:06][%mdl 2048] White fights for an advantage.} Qd8 27. b4 Rc8 28. Qd1 Qe7 {[%emt 0:04:22] [#]} (28... Bc4 $14) 29. Rb1 $1 $16 {[%emt 0:03:58] Strongly threatening b5.} Bb5 {[%emt 0:00:57] [#]} 30. Ne1 $1 ({Don't take} 30. Nf4 $6 Bxf1 31. Qxf1 Ne5 $14) 30... Rb8 {[%emt 0:03:32] Loses the game.} (30... Bxf1 $16 31. Kxf1 Ne5) 31. Bxb5 $18 ({Weaker is} 31. Bxd4 Bxd4+ 32. Qxd4 Bxf1 33. Kxf1 Qd6 $16) 31... Rxb5 32. Nc2 (32. Bxd4 Bxd4+ 33. Qxd4 Ne5 $16) 32... Ne5 $2 (32... Qd6 33. Nxd4 (33. Bxd4 Be5 $18) 33... Rxb4 34. Rxb4 Qxb4) 33. Nxd4 {[%emt 0:02:38] White is clearly winning.} Rxb4 34. a6 Bf8 35. Rxb4 Qxb4 36. a7 Qb7 37. Qa1 Qa8 38. Nb5 Nxf3+ 39. Kh1 {[%emt 0:00:38] Black must now prevent Nc7.} Bd6 {[%emt 0:01:26] Prevents Nc7.} 40. Nxd6 {[%emt 0:00:21] White threatens Qb2 and mate.} d4 41. Qa6 {[%emt 0:31:05] Weighted Error Value: White=0.02 (flawless) /Black=0.29 (precise)} 1-0

[Event "37th ECCC 2022"]
[Site "Mayrhofen"]
[Date "2022.10.04"]
[Round "2.26"]
[White "Nagy, Gabor"]
[Black "Van Foreest, Jorden"]
[Result "1/2-1/2"]
[ECO "A16"]
[WhiteElo "2488"]
[BlackElo "2694"]
[Annotator "TA"]
[PlyCount "71"]
[EventDate "2022.10.03"]
[EventType "team-tourn"]
[EventCountry "AUT"]
[SourceTitle "playchess.com"]
[Source "ChessBase"]
[SourceQuality "1"]
[TimeControl "40/5400+30:1800+30"]

1. c4 Nf6 2. Nc3 g6 3. g3 Bg7 4. Bg2 O-O 5. d4 d6 6. e3 Nc6 7. Nge2 e5 8. d5 Ne7 {[%emt 0:09:29] E61: King's Indian: Early deviations for White, including Smyslov System.} 9. O-O h5 10. e4 {[%emt 0:06:38] [#]} c6 $146 ({Predecessor:} 10... Nd7 11. Be3 f5 12. Qd2 Nf6 13. Bg5 Nh7 14. Bh6 fxe4 15. Bxg7 e3 16. Qxe3 Nf5 {1-0 (72) Iturrizaga Bonelli,E (2646)-Andriasian,Z (2608) Moscow 2013}) 11. h3 Bd7 ({Black should try} 11... cxd5 $14 12. cxd5 b6) 12. dxc6 $16 Bxc6 13. Be3 b6 14. Qd2 Qd7 15. Rfd1 Qb7 16. Nd5 Nexd5 17. cxd5 Bd7 18. Qb4 Rfd8 19. a4 (19. Qxd6 $2 Bb5 20. Qb4 Bxe2 $19) 19... a5 20. Qd2 ({But not} 20. Qxd6 Bxa4 $1 21. Qxd8+ (21. Qxe5 $2 Bxd1 22. Rxd1 Nxd5 $19) (21. Qxb6 $2 Qxb6 22. Bxb6 Bxd1 $19) 21... Rxd8 $17) 20... Rdc8 21. Nc3 Rc4 22. b3 Rb4 23. Rdb1 Rc8 (23... b5 $14 {is superior.}) 24. f3 $1 h4 {[%emt 0:08:34] [#]} (24... Nh7 $142) 25. g4 $1 $36 {[%emt 0:02:58][%mdl 2048] White is on the roll.} Ne8 (25... Nh7 $16 26. Bf1 (26. Na2 Rd4 $16) 26... Qc7) 26. Na2 Rd4 27. Bxd4 exd4 28. Rc1 Ra8 29. f4 (29. Rab1 $18) 29... b5 30. Re1 bxa4 31. bxa4 Bxa4 32. Nc1 Bb5 33. e5 Qa7 34. Kh1 {[%emt 0:03:06] Strongly threatening Nb3. White is more active.} a4 {[%emt 0:00:02] [#] Against Nb3} 35. Nd3 (35. Qb4 $1 $16 Qc5 36. Qxc5 dxc5 37. Rb1) 35... Qa5 $14 36. Qxa5 {[%emt 0:03:47] Weighted Error Value: White=0.14 (very precise) /Black=0.13 (very precise)} 1/2-1/2

[Event "37th ECCC 2022"]
[Site "Mayrhofen"]
[Date "2022.10.04"]
[Round "2.27"]
[White "Amin, Bassem"]
[Black "Glek, Igor"]
[Result "1-0"]
[ECO "B50"]
[WhiteElo "2667"]
[BlackElo "2456"]
[Annotator "TA"]
[PlyCount "107"]
[EventDate "2022.10.03"]
[EventType "team-tourn"]
[EventCountry "AUT"]
[SourceTitle "playchess.com"]
[Source "ChessBase"]
[SourceQuality "1"]
[TimeControl "40/5400+30:1800+30"]

1. e4 c5 2. Nf3 d6 3. g3 Nc6 4. Bg2 g6 5. O-O Bg7 6. d3 e5 7. a3 Nge7 8. c3 O-O 9. b4 d5 {[%emt 0:00:07] A04: Unusual lines after 1 Nf3 and King's Indian Attack.} 10. Nbd2 d4 11. cxd4 {[%emt 0:07:21] [#]} Nxd4 $146 {[%emt 0:01:49] The position is equal.} ({Predecessor:} 11... cxd4 12. b5 Na5 13. a4 Be6 14. Ng5 Bd7 15. f4 f6 16. Ngf3 a6 17. Nb3 h6 {0-1 (38) Martinovic,S (2440)-Djuric,S (2495) Cetinje 1990}) 12. bxc5 Bg4 13. h3 Nxf3+ 14. Nxf3 Bxf3 15. Bxf3 Nc6 16. Rb1 Qe7 17. Be3 Rad8 18. Qb3 Rd7 19. Bg4 Rc7 20. Rfc1 Rd8 21. h4 Nd4 22. Qa4 h5 23. Bd1 a6 (23... Kh7 $14) 24. Rb6 $16 Kh7 25. Kg2 Bh6 26. Bxh6 Kxh6 27. Qb4 Kg7 28. Ba4 Ne6 29. c6 Qxb4 30. axb4 bxc6 31. Rxa6 Rxd3 32. Raxc6 Ra7 33. Bb5 Rd2 34. Bc4 (34. Ra6 $14 Rxa6 35. Bxa6) 34... Nd4 $11 35. Rc5 Rb2 (35... Nc2 $1 $11 {keeps the balance.}) 36. Bd5 ({White must play} 36. Rxe5 $16 Rxb4 37. Rd5) 36... Rxb4 (36... Ra6 $11 {remains equal.}) 37. Rc7 $36 {[%emt 0:00:01][%mdl 2048] White has strong initiative.} Rba4 {[%emt 0:00:14] [#]} 38. Bxf7 {[%emt 0:00:12] White is more active.} ({White should play} 38. R1c4 $1) 38... Rxc7 $2 {[%emt 0:00:43] This move loses the game for Black.} (38... Kf6 $16 {is a better defense.} 39. Bd5 Rxc7 40. Rxc7 g5) 39. Rxc7 {[%emt 0:00:01][%mdl 4096] Endgame KRB-KRN} Nb5 40. Rd7 {[%emt 0:00:15] And now Bb3+ would win.} Ra7 $2 (40... Rd4 41. Bd5+ Kh8) 41. Rxa7 $18 Nxa7 {[%emt 0:30:01] KB-KN} 42. Be8 {[%emt 0:00:15] aiming for f4.} Nc8 43. f4 Nd6 44. Bc6 Kf6 45. Kf3 Nc4 46. Ke2 Nd6 47. Kd3 Ke6 48. Ba4 Kf6 49. Bd7 Nf7 50. Be8 exf4 51. gxf4 {[%emt 0:00:00] White threatens Bxf7 and mate.} Nd8 52. e5+ Kg7 53. Ke4 {[%emt 0:00:00] Threatening mate with Kd5.} Ne6 {[%emt 0:00:00] [#]} 54. Bxg6 $1 {[%emt 0:00:00][%mdl 512] Weighted Error Value: White=0.20 (precise) /Black=0.42} 1-0

[Event "37th ECCC 2022"]
[Site "Mayrhofen"]
[Date "2022.10.04"]
[Round "2.28"]
[White "Klein, Felix"]
[Black "Vocaturo, Daniele"]
[Result "1/2-1/2"]
[ECO "D45"]
[WhiteElo "2275"]
[BlackElo "2615"]
[Annotator "TA"]
[PlyCount "144"]
[EventDate "2022.10.03"]
[EventType "team-tourn"]
[EventCountry "AUT"]
[SourceTitle "playchess.com"]
[Source "ChessBase"]
[SourceQuality "1"]
[TimeControl "40/5400+30:1800+30"]

1. d4 Nf6 2. c4 e6 3. Nf3 d5 4. Nc3 c6 5. e3 Nbd7 6. Qc2 Bd6 7. Bd3 O-O 8. O-O dxc4 9. Bxc4 b5 10. Bd3 Bb7 11. e4 e5 12. h3 {[%emt 0:02:26] D46: Semi-Slav: 5 e3 Nbd7 6 Bd3, Black avoids the Meran.} Re8 13. dxe5 Nxe5 14. Nxe5 {[%emt 0:00:06] White has an edge.} Bxe5 ({Don't play} 14... Rxe5 15. f4 Rh5 16. e5 Bc5+ 17. Kh1 $16) 15. Be3 a6 16. Rfe1 Qe7 (16... c5 $5) 17. Ne2 Bd6 18. Nd4 {[%emt 0:01:52] [#]} g6 $146 {[%emt 0:00:40] Against Nf5} ({Predecessor:} 18... Bb4 19. Nf5 Qe6 20. Bd2 c5 21. Bxb4 cxb4 22. e5 Rec8 23. Qd2 Ne8 24. Qxb4 Rd8 {1-0 (47) Kuzubov,Y-Shalimov,V (2452) Alushta 2002}) 19. Nxc6 (19. Nb3 $142) 19... Bxc6 $11 20. Qxc6 Rec8 $1 21. Qb6 Bc7 {[%emt 0:04:45][%mdl 1024] Black has compensation.} 22. Qd4 Ba5 (22... Be5 $15 {stays ahead.} 23. Qb6 Bc7) 23. Red1 $1 $16 Rd8 24. Qc5 Qe6 25. Rac1 (25. a4 $1 $16 ) 25... Nxe4 $2 (25... Bd2 $14) 26. Qa3 $18 Rxd3 27. Rxd3 Bb6 28. Bxb6 Qxb6 29. Re3 Nd6 30. Qc5 Qxc5 31. Rxc5 {[%emt 0:00:03][%mdl 4096] Endgame KRR-KRN} Nc4 32. Re2 Rd8 33. a4 Rd1+ 34. Kh2 Nd2 {[%emt 0:00:40] aiming for ...Nf1+.} 35. g3 $2 ({Stronger than} 35. axb5 Nf1+ 36. Kh1 Ng3+ 37. Kh2 Nf1+ 38. Kh1 Ng3+ 39. Kh2 Nf1+ $11) (35. Kg3 $18 {is more deadly.}) 35... Nf3+ $16 36. Kg2 Ne1+ {[%emt 0:00:09] [#]} 37. Rxe1 $1 Rxe1 38. axb5 axb5 39. Rxb5 {[%emt 0:00:03] KR-KR} h5 40. h4 Kf8 (40... Kg7 $16 {was necessary.} 41. Rb6 Kf8) 41. Rb7 $18 Kg7 42. b4 Rb1 43. Kf3 {[%emt 0:02:49] White is more active.} Rb2 44. Ke3 (44. Rb6 $142 $1) 44... Kf6 $16 45. b5 Ke6 (45... g5 $142 46. hxg5+ Kxg5) 46. b6 (46. f4 $142 $1) 46... Kd5 {[%emt 0:00:00] [#]} 47. Rxf7 (47. f3 $142 $1) 47... Rxb6 48. Re7 {[%emt 0:00:00] Threatens to win with Kf4.} Kd6 49. Re4 Rb5 50. f3 Rf5 51. g4 ({Better is} 51. Kf2 $16) 51... hxg4 $1 $11 52. Rxg4 ({Don't take} 52. fxg4 Rf1 $14) 52... Rf6 53. Re4 Rf5 54. Rg4 Rf6 55. Rf4 Re6+ 56. Re4 {[%emt 0:00:04] Black must now prevent Kf4.} Rf6 57. Kf2 Rf5 58. Kg3 Kd7 59. Kg4 Ra5 60. f4 Ra1 61. Kg5 Rg1+ {[%emt 0:00:06] [#]} 62. Kf6 $2 ({Only move:} 62. Kh6 $1 $18) 62... Rg4 {[%emt 0:00:08] The position is equal.} 63. Kf7 Kd6 64. Ra4 Kd5 65. Kf6 Kd6 66. Kg7 Ke6 67. Ra6+ Kf5 68. Rf6+ Ke4 69. Rxg6 Rxh4 70. Ra6 Rxf4 71. Ra4+ Kf3 72. Rxf4+ Kxf4 {Black escapes into a draw.  Weighted Error Value: White=0.22 (precise) /Black=0.23 (precise)} 1/2-1/2

[Event "37th ECCC 2022"]
[Site "Mayrhofen"]
[Date "2022.10.04"]
[Round "2.29"]
[White "Van Wely, Loek"]
[Black "Coenen, Norbert"]
[Result "1-0"]
[ECO "A48"]
[WhiteElo "2629"]
[BlackElo "2268"]
[Annotator "TA"]
[PlyCount "71"]
[EventDate "2022.10.03"]
[EventType "team-tourn"]
[EventCountry "AUT"]
[SourceTitle "playchess.com"]
[Source "ChessBase"]
[SourceQuality "1"]
[TimeControl "40/5400+30:1800+30"]

1. Nf3 Nf6 2. d4 g6 3. Bg5 Bg7 4. Nbd2 d5 5. e3 Nbd7 6. Be2 O-O 7. O-O c5 8. c3 b6 9. a4 Bb7 10. a5 Bc6 {[%emt 0:15:10] D03: 1 d4 d5 2 Nf3 Nf6 3 Bg5, including Torre Attack with early ...d5.} 11. Qb3 {[%emt 0:12:40] [#]} b5 $146 ({Predecessor:} 11... Re8 12. Rfd1 Qc8 13. Bh4 Qb7 14. a6 Qc8 15. Bb5 e5 16. dxe5 Nxe5 17. Nxe5 Rxe5 18. Nf3 {1-0 (38) Gunina,V (2522)-Kashlinskaya,A (2439) Kazan 2014}) 12. dxc5 ({Don't play} 12. Bxb5 Rb8 13. Bxc6 Rxb3 14. Nxb3 c4 $15) 12... Nxc5 {[%emt 0:00:47] White is slightly better.} 13. Qb4 Ne6 14. Nd4 ({Worse is} 14. Bxb5 Rb8 15. Bxf6 Bxf6 16. Bxc6 Rxb4 17. cxb4 Qd6 $17) 14... Nxd4 15. cxd4 h6 (15... Qd7 $14) 16. Bh4 {[%emt 0:05:56] White has more active pieces. The black rooks are badly placed.} a6 17. Rfc1 Bd7 18. Bg3 {[%emt 0:07:41] Black is now going downhill.} Rc8 19. Rxc8 Qxc8 20. Qxe7 Qc2 21. Qb4 Rc8 {[%emt 0:00:40] [#] And now ...Bf8 would win.} 22. Bd6 Bf8 (22... Bg4 $16 {keeps fighting.} 23. Bxg4 Nxg4) 23. Bxf8 $18 Rxf8 24. Bd1 Qd3 25. Ra3 Qf5 26. Rc3 Rc8 27. Rxc8+ Bxc8 28. Qc3 Bd7 29. f3 Qe6 30. Nb3 b4 31. Qd2 ({But not} 31. Qxb4 $2 Qxe3+ 32. Kh1 Qf2 $19) 31... Bb5 32. Nc5 Qe7 (32... Qc6 {is a better defense.} 33. Qxb4 Ne8) 33. Be2 Qe8 34. b3 Qc6 35. Kf2 Nd7 $2 {[%emt 0:00:46] [#]} (35... Ne8 {might work better.} 36. Qxb4 Nd6) 36. Qxb4 {[%emt 0:00:48] Weighted Error Value: White=0.11 (very precise) /Black=0.34} 1-0

[Event "37th ECCC 2022"]
[Site "Mayrhofen"]
[Date "2022.10.04"]
[Round "2.30"]
[White "Meessen, Rudolf"]
[Black "Tregubov, Pavel V."]
[Result "0-1"]
[ECO "A45"]
[WhiteElo "2162"]
[BlackElo "2548"]
[Annotator "TA"]
[PlyCount "90"]
[EventDate "2022.10.03"]
[EventType "team-tourn"]
[EventCountry "AUT"]
[SourceTitle "playchess.com"]
[Source "ChessBase"]
[SourceQuality "1"]
[TimeControl "40/5400+30:1800+30"]

1. d4 Nf6 2. Nc3 d5 3. Bf4 a6 4. e3 e6 5. g4 h6 6. h4 {[%emt 0:06:07] D00: 1 d4 d5: Unusual lines.} c5 7. Qf3 Nc6 8. O-O-O {[%emt 0:07:12] [#]} ({White should try} 8. Nge2 $1 $11) 8... b5 $146 ({Predecessor:} 8... Qa5 9. Kb1 Nd7 10. g5 cxd4 11. exd4 hxg5 12. hxg5 Rxh1 13. Qxh1 g6 14. Nf3 b5 {0-1 (49) Alekseenko,K (2563)-Sjugirov,S (2650) Sochi 2017}) 9. g5 b4 $1 10. Na4 Ne4 11. Ne2 $2 (11. gxh6 $15 Qa5 12. hxg7 Bxg7 13. b3) 11... cxd4 $2 (11... hxg5 $19 12. Bxg5 Qa5) 12. Nxd4 $2 {[%emt 0:01:28] [#]} (12. gxh6 $15 e5 13. Ng3) 12... Nxd4 (12... Bd7 $1 $19 {aiming for ...Nxd4.} 13. b3 (13. Nxc6 $2 Bxc6 14. Bd3 hxg5 $19) 13... hxg5 14. hxg5 Rxh1 15. Qxh1 Nxf2) 13. Rxd4 hxg5 (13... Bd7 $17 14. b3 hxg5 15. hxg5 Rxh1 16. Qxh1 Bxa4 17. bxa4 Nxf2) 14. hxg5 Rxh1 15. Qxh1 Bd7 16. f3 Nxg5 (16... Bxa4 17. fxe4 Rc8 18. b3 $18) 17. Nb6 Qxb6 $19 18. Bxg5 Rc8 (18... Qa5 $19 19. Kb1 b3 20. axb3 Qe1+ 21. Ka2 a5) 19. Bd3 Bb5 20. Qh8 $2 (20. Kb1 $17 {is more resistant.}) 20... Bxd3 21. Rxd3 Qc7 22. Rd2 Qg3 23. Bf4 (23. Qh4 $142 Qg1+ 24. Rd1) 23... Qe1+ 24. Rd1 Qe2 25. Rd2 Qf1+ 26. Rd1 {[%emt 0:00:06] [#]} Qc4 27. Rd2 Qxa2 28. Kd1 Rc6 {[%emt 0:05:45] Against Bd6} (28... Qxb2 29. Bd6 Kd7 30. Bxf8 $17) ({But not} 28... Qb1+ $2 29. Ke2 Rc6 30. Be5 $19) 29. Be5 Qb1+ 30. Ke2 Qg1 ({Not} 30... Rxc2 31. Bxg7 Rxd2+ 32. Kxd2 $16) 31. f4 f6 32. Bd4 Kf7 {[%emt 0:00:12] And now ...Qg6 would win.} 33. c3 $2 (33. Qh5+ Ke7 34. b3) 33... Rc7 (33... Qg4+ $142 34. Kf1 a5) 34. Kf3 bxc3 35. bxc3 Rb7 {[%emt 0:00:24] Inhibits Rb2. Threatens to win with ...Qf1+.} 36. Rg2 $2 (36. Qh5+ {is a better defense.} Kg8 37. Qg4 Qh1+ 38. Kg3) 36... Qd1+ {[%emt 0:00:43] Black is clearly winning.} 37. Kg3 Rb1 38. Qh2 a5 39. Kh4 Qd3 40. Kg4 Qf5+ 41. Kg3 Rf1 {[%emt 0:00:42] Strongly threatening ...Qg6+.} 42. Rf2 Qg6+ 43. Kf3 {[%emt 0:00:31] [#]} Rh1 $3 44. Qg2 (44. Qxh1 Qe4+) 44... Qh5+ 45. Kg3 Rh4 {[%emt 0:00:50] Weighted Error Value: White=0.97/Black=0.46} 0-1

[Event "37th ECCC 2022"]
[Site "Mayrhofen"]
[Date "2022.10.04"]
[Round "2.31"]
[White "Ten Hertog, Hugo"]
[Black "Kryvoruchko, Yuriy"]
[Result "1-0"]
[ECO "A06"]
[WhiteElo "2525"]
[BlackElo "2658"]
[Annotator "TA"]
[PlyCount "121"]
[EventDate "2022.10.03"]
[EventType "team-tourn"]
[EventCountry "AUT"]
[SourceTitle "playchess.com"]
[Source "ChessBase"]
[SourceQuality "1"]
[TimeControl "40/5400+30:1800+30"]

1. c4 e6 2. e3 Nf6 3. b3 d5 4. Bb2 c5 5. Nf3 Nc6 6. cxd5 exd5 7. Bb5 Bd6 8. O-O O-O {[%emt 0:00:59] A13: English Opening: 1...e6.} 9. Nc3 Bg4 10. h3 Bh5 11. Be2 {[%emt 0:08:22][%cal Bb5e2,Be2g4,Bg4f5][%mdl 32] [#]} Qe7 $146 ({Predecessor:} 11... Bb8 12. d4 Bxf3 13. Bxf3 cxd4 14. exd4 a6 15. Rc1 Re8 16. a3 h5 17. h4 Ba7 {½-½ (44) Tudorache,M (2279)-Hermansen,R (2067) ICCF email 2019}) 12. Rc1 a6 13. Nh4 Bg6 (13... Qe5 $2 14. f4 Bxe2 15. fxe5 $18) 14. Na4 Rad8 15. Bxf6 gxf6 16. Bg4 {[%emt 0:00:22] And now Nf5 would win.} Kh8 17. f4 (17. Nf5 $2 Bxf5 18. Bxf5 Qe5 $19) 17... d4 18. Nf5 Bxf5 19. Bxf5 Rg8 20. Qf3 dxe3 (20... Bc7 $142) 21. dxe3 $16 Bb8 22. Nc3 $40 {[%emt 0:06:29][%mdl 128] White has strong attack.} (22. Nxc5 Ba7 23. Ne4 Rd5 $11) 22... Ba7 (22... Rd2 $16 {might work better.} 23. Rf2 Qd8) 23. Kh1 $18 Qf8 (23... c4 {was worth a try.}) 24. Rcd1 (24. Qh5 $6 Qg7 25. g4 Ne7 $16) 24... Ne7 25. Bc2 b5 (25... c4 {keeps fighting.} 26. bxc4 (26. Qxb7 cxb3 27. axb3 Rc8 $18) 26... Rc8) 26. Rxd8 Qxd8 27. Rd1 {[%emt 0:00:05] Prevents Qd2.} Qc8 28. Ne4 f5 29. Nd6 Qe6 30. Qh5 Qg6 31. Nxf7+ Kg7 32. Qxg6+ hxg6 33. Ne5 Bb8 34. Rd7 Kf6 35. Nd3 {[%emt 0:00:50] White is much more active.} (35. Nf3 $16) 35... Rc8 $1 $14 36. g4 (36. Kg1 $14 {is more appropriate.}) 36... Ke6 $1 $11 37. Rb7 {[%emt 0:00:06] next b4 is good for White.} Nd5 {[%emt 0:00:01] Inhibits b4.} 38. b4 cxb4 39. Bb3 Kd6 $1 40. Rg7 (40. g5 $16) 40... Ne7 $1 41. Rf7 a5 (41... Rc3 $5 42. Rf8 Ba7 $11) 42. Rf6+ Kc7 43. Ne5 (43. Re6 $5 Kd8 44. Rb6 $14) 43... a4 44. Be6 Rd8 45. Nxg6 (45. gxf5 b3 46. axb3 a3 $17) 45... Rd1+ 46. Kg2 (46. Kh2 $5 Nxg6 47. Rxg6 fxg4 48. hxg4 $14) 46... Nd5 47. Rf7+ (47. Rxf5 $2 Nxe3+ 48. Kf3 Nxf5 49. gxf5 (49. Bxf5 $2 b3 $19) 49... Kd6 $19) 47... Kb6 $1 48. Ne7 $1 (48. Bxf5 $2 b3 49. axb3 a3 $19) (48. Bxd5 Rxd5 49. Rf6+ (49. Rxf5 $2 Rxf5 50. gxf5 b3 $19) 49... Rd6 $19) 48... Nxe3+ 49. Kf3 {[%emt 0:00:00] [#]} ({Better is} 49. Kf2 $15 Bxf4 50. gxf5) 49... Nc4 (49... Nc2 $1 $17 {[%cal Rc2d4] Hoping for ...Nd4+.} 50. Ke2 (50. Nxf5 b3 $15) (50. Bxf5 $2 Nd4+ 51. Kf2 Kc5 $19) (50. gxf5 b3 $17) 50... Re1+ 51. Kd2 Rxe6 52. Kxc2 Re2+ 53. Kd3 Rxa2 54. Rf6+ Kb7) 50. Rxf5 $2 (50. Nd5+ $11 Kc5 51. Rxf5) 50... Rd3+ $19 51. Kf2 {[%emt 0:00:00] [#]} b3 $1 ({Stronger than} 51... Rd2+ 52. Ke1 Rh2 53. g5 $11) 52. axb3 axb3 {[%emt 0:00:00] ...b2 is the strong threat.} 53. Rf6 {[%emt 0:00:21] aiming for Bxc4+.} Kc5 {[%emt 0:00:34] Threatens to win with ...b2.} 54. Bf5 Rxh3 (54... Rd4 $17 55. Bh7 (55. Rc6+ $2 Kb4 $17) 55... Bxf4 56. Rf5+ Be5) 55. g5 (55. Rc6+ $11 Kd4 56. Re6) 55... b2 56. g6 $11 {[%emt 0:00:49] [#]} Ne3 $1 57. g7 {[%emt 0:00:22] The position is equal.} (57. Bxh3 b1=Q) 57... Ng4+ $1 58. Kg2 $1 {[%emt 0:04:11] Black must now prevent Rc6+.} ({But not} 58. Bxg4 $2 Rh2+ 59. Kg3 b1=Q $19) 58... Rh2+ 59. Kg3 {[%emt 0:00:14] White wants to mate with Rc6+. Dancing on a razor blade.} Nxf6 60. Kxh2 Bxf4+ 61. Kg2 {[%emt 0:00:07][%mdl 32768] What a bad dream for Black.  Weighted Error Value: White=0.23 (precise) /Black=0.20 (precise) . Sensor Board Error (Ke4/e5)?} 1-0